 Dungeon Crawl Stone Soup version 0.30-a0-223-gcb0039aa0c (webtiles) character file.

Game seed: 6768174206430378071

207 qw the Chopper (level 5, -2/32 HPs)
             Began as a Gargoyle Fighter on Oct 9, 2022.
             Slain by an orc priest
             ... wielding a +0 mace
              (3 damage)
             ... on level 4 of the Dungeon.
             The game lasted 00:01:12 (2537 turns).

qw the Chopper (Gargoyle Fighter)                   Turns: 2537, Time: 00:01:12

Health: -2/32      AC: 10    Str: 27    XL:     5   Next: 85%
Magic:  5/5        EV: 10    Int:  8    God:
Gold:   105        SH:  4    Dex:  9    Spells: 4/4 levels left

rFire   . . .      SeeInvis .    Y - +0 war axe
rCold   + + .      Faith    .    c - +0 buckler
rNeg    + . .      Spirit   .    k - +1 ring mail of the Catamount {-Cast rC++ Str+5}
rPois   inf        Reflect  .    (no helmet)
rElec   +          Harm     .    (no cloak)
rCorr   .          Rampage  .    (no gloves)
Will    .....      NoCast   +    (no boots)
Stlth   ..........               e - amulet of the acrobat
HPRegen 0.25/turn                (no ring)
MPRegen 0.09/turn                (no ring)

@: no status effects
A: sickness immunity, AC +4, negative energy resistance 1, electricity
resistance, torment resistance 1, petrification resistance
a: no special abilities


You were on level 4 of the Dungeon.
You visited 1 branch of the dungeon, and saw 4 of its levels.

You collected 105 gold pieces.


Innate Abilities, Weirdness & Mutations

You are immune to sickness and miasma.
Your stone body is resilient. (AC +4)
You are immune to poison.
You resist negative energy. (rN+)
You are resistant to electric shocks. (rElec)
You are resistant to unholy torment.
You are immune to petrification.


   Skills:
 + Level 3.5 Fighting
 - Level 5.0 Axes
 - Level 3.2 Armour
 - Level 1.1 Dodging
 - Level 3.2 Shields


You had 4 spell levels left.
You didn't know any spells.
Your spell library was empty.

Inventory:

Hand Weapons
 f - a +0 flail
 Y - a +0 war axe (weapon)
Armour
 b - a +0 chain mail
 c - a +0 buckler (worn)
 k - the +1 ring mail of the Catamount (worn) {-Cast rC++ Str+5}
   (You found it on level 3 of the Dungeon)

   Str:       It affects your strength (+5).
   rC:        It greatly protects you from cold.
   -Cast:     It prevents spellcasting.
Jewellery
 e - an amulet of the acrobat (around neck)
Scrolls
 a - a scroll of identify
Potions
 d - 2 potions of might
 h - a potion of mutation
 j - a potion of berserk rage {unknown}

Dungeon Overview and Level Annotations

Branches:
Dungeon (4/15)
 Temple: D:4-7

Altars:
Makhleb


Message History

The giant cockroach is severely wounded.
The orc priest looks satisfied for a moment.
The giant cockroach closely misses you.
You slash the giant cockroach!
You kill the giant cockroach!
You slash the orc!
You kill the orc!
The orc wizard casts a spell at you. The puff of flame hits you!
You hit the orc wizard.
The orc wizard is heavily wounded.
The orc wizard casts a spell at you. The puff of flame hits you!
You slash the orc wizard!
You kill the orc wizard!
You barely miss something. Something hits you but does no damage.
Your Dodging skill increases to level 1!
Something barely misses you. You block the orc priest's attack.
Items here: %% )) [.
You hit the orc priest.
The orc priest is lightly wounded.
You barely miss something. Something hits you.
The orc priest closely misses you. The orc priest barely misses you.
You hear some strange, mumbled words.
A puff of flame appears from out of thin air!
The puff of flame hits you!
You hit the orc priest but do no damage.
The orc priest is lightly wounded.
You miss something.
You hear some strange, mumbled words.
A magic dart appears from out of thin air!
The magic dart hits you.
The orc priest hits you but does no damage.
You barely miss the orc priest.
The orc priest is lightly wounded.
You completely miss something. Something hits you but does no damage.
The orc priest hits you with a +0 mace.
You die...

#.####.#..#
####<#..#
#.......#
#.##)#..# #####
#.##.#..#
......#.##.#..#
#####...#.#..#
.......#....(.#
....##.%@{.#..#
### #..o......#
#.....###.#
#.....#}#.#
##....###..
$.........
#.#.....## #.
####..


You could see an orc priest.

Vanquished Creatures
  An orc wizard (D:4)
  4 gnolls (D:2)
  6 adders
  4 worms
  A dart slug (D:2)
  4 orcs
  3 ball pythons
  9 endoplasms
  2 giant cockroaches
  2 goblins (D:2)
  10 hobgoblins
  4 kobolds
  7 quokkas
  6 bats
  6 frilled lizards
  5 rats
74 creatures vanquished.

Notes
Turn   | Place    | Note
-------+----------+-------------------------------------------
     0 | D:1      | qw the Gargoyle Fighter began the quest for the Orb.
     0 | D:1      | Reached XP level 1. HP: 14/14 MP: 1/1
     0 | D:1      | 0 ||| qw: Version: 0.2-a-17-g06abaee
     0 | D:1      | 0 ||| qw: Game counter: 2154
     0 | D:1      | 0 ||| qw: Always use a shield: true
     0 | D:1      | 0 ||| qw: God list: Okawaru
     0 | D:1      | 0 ||| qw: Allow faded altars: false
     0 | D:1      | 0 ||| qw: Do Orc after D:15 true
     0 | D:1      | 0 ||| qw: Do second Lair branch before Depths: true
     0 | D:1      | 0 ||| qw: Lair rune preference: random
     0 | D:1      | 0 ||| qw: Plans: Normal, Zot:1-4, God:TSO, Crypt, Tomb,
                  | Pan, Slime:5, Hells, Abyss, Orb
     0 | D:1      | 0 ||| PLANNING D:1-11
    14 | D:1      | 14 ||| Stepping ~*~*~tactically~*~*~ (stealth).
    22 | D:1      | Reached skill level 2 in Axes
    52 | D:1      | Reached XP level 2. HP: 16/19 MP: 2/2
   112 | D:1      | 112 ||| Stepping ~*~*~tactically~*~*~ (stealth).
   215 | D:1      | 215 ||| READING 2 scrolls labelled MIMNUA MISTEO.
   242 | D:1      | 242 ||| Stepping randomly (stuck).
   243 | D:1      | 243 ||| Stepping randomly (stuck).
   244 | D:1      | 244 ||| Stepping randomly (stuck).
   245 | D:1      | 245 ||| Stepping randomly (stuck).
   336 | D:1      | Reached skill level 3 in Axes
   348 | D:1      | Reached XP level 3. HP: 22/23 MP: 3/3
   416 | D:1      | Found a faded altar of an unknown god.
   719 | D:2      | 719 ||| DROPPING +0 club.
   734 | D:2      | HP: 3/23 [gnoll/+0 spear (4)]
   736 | D:2      | Reached XP level 4. HP: 5/28 MP: 4/4
   739 | D:2      | Reached skill level 4 in Axes
   744 | D:2      | 744 ||| FLEEEEING.
   842 | D:2      | 842 ||| DROPPING +0 whip.
  1065 | D:2      | 1065 ||| Stepping ~*~*~tactically~*~*~ (stealth).
  1304 | D:2      | Reached XP level 5. HP: 32/32 MP: 5/5
  1393 | D:2      | 1393 ||| READING scroll labelled QILOP MUMPIKH.
  1394 | D:2      | 1394 ||| READING scroll labelled LUFISM KIYQISK.
  1395 | D:2      | 1395 ||| READING scroll labelled NYCAV APINNAIS VYE.
  1396 | D:2      | 1396 ||| READING 2 scrolls of identify.
  1396 | D:2      | 1396 ||| IDENTIFYING emerald potion
  1397 | D:2      | 1397 ||| DROPPING potion of flight.
  1544 | D:3      | Found a burning altar of Makhleb.
  1547 | D:3      | Noticed a green death
  1683 | D:3      | Reached skill level 5 in Axes
  1804 | D:3      | 1804 ||| Stepping ~*~*~tactically~*~*~ (stealth).
  1837 | D:3      | Identified the +1 ring mail of the Catamount {-Cast rC++
                  | Str+5}
  1882 | D:3      | 1882 ||| Stepping ~*~*~tactically~*~*~ (stealth).
  2459 | D:3      | 2459 ||| UPGRADING to +1 ring mail of the Catamount {-Cast
                  | rC++ Str+5}.
  2469 | D:3      | 2469 ||| DROPPING +0 scale mail.
  2470 | D:3      | 2470 ||| UPGRADING to amulet of the acrobat.
  2475 | D:3      | 2475 ||| READING scroll labelled KATEXZ GAIMUO.
  2476 | D:3      | 2476 ||| READING scroll labelled OMIOLIFRUAH.
  2477 | D:3      | 2477 ||| READING 3 scrolls of identify.
  2477 | D:3      | 2477 ||| IDENTIFYING smoky golden potion
  2478 | D:3      | 2478 ||| READING 2 scrolls of identify.
  2478 | D:3      | 2478 ||| IDENTIFYING fuming inky potion
  2479 | D:3      | 2479 ||| DROPPING potion of invisibility.
  2494 | D:4      | 2494 ||| PLANNING OSSUARY
  2534 | D:4      | Reached skill level 1 in Dodging
  2535 | D:4      | HP: 2/32 [something/puff of flame (12)]
  2537 | D:4      | Slain by an orc priest

Levels and vault maps discovered:
D:1:      amcnicky_arrival_choice, layout_basic,
          hellmonk_ecumenical_altar_arch_garden, serial_glass, glass_columns_c,
          glass_columns_b, item_on_display_a, minivault_24,
          minmay_misc_feat_encased, amcnicky_mini_pool_small, nicolae_titane
D:2:      minmay_chambers_of_ones, layout_rooms, nicolae_wormholes
D:3:      cheibrodos_old_hovel, layout_basic, makhleb_altar_promises_db
D:4:      layout_loops_ring, nicolae_ossuary_entry_monument, dk_vineyard_2,
          feat_on_display

Skill      XL: |  1  2  3  4  5 |
---------------+----------------+-----
Axes           | 2 3 4 5 |  5.0
Dodging        | 1 |  1.1
Fighting       | |  3.5
Armour         | |  3.2
Shields        | |  3.2

Action                   |  1- 3 |  4- 6 || total
-------------------------+-------+-------++-------
Melee: War axe           |    90 |   143 ||   233
  Use: Scroll            |     1 |     8 ||     9
Armor: Scale mail        |    56 |    70 ||   126
       Ring mail         |       |     5 ||     5
Dodge: Dodged            |    53 |    70 ||   123
Block: Buckler           |    28 |    22 ||    50

Table legend:
 A = Non-vault XP
 B = Vault XP
 C = Vault XP percentage of total XP
 D = Non-vault monster count
 E = Vault monster count
 F = Vault count percentage of total count
                 A         B        C        D         E       F
            +---------+---------+-------+---------+---------+-------
      Total |     249 |      47 |  15.9 |      66 |       8 |  10.8
            +---------+---------+-------+---------+---------+-------
        D:1 |      41 |       0 |   0.0 |      26 |       0 |   0.0
        D:2 |      99 |      29 |  22.7 |      19 |       6 |  24.0
        D:3 |      62 |      18 |  22.5 |      15 |       2 |  11.8
        D:4 |      47 |       0 |   0.0 |       6 |       0 |   0.0
            +---------+---------+-------+---------+---------+-------
